 Dungeon Crawl Stone Soup version 0.31-a0-435-g2c6fae2916 (webtiles) character file.

Game seed: 9119004352197653058

505459 Xavori the Fencer (level 26, 0/189 (195) HPs)
             Began as a Djinni Chaos Knight on Aug 1, 2023.
             Was a Favourite Plaything of Xom.
             Slain by a fire giant
             ... wielding a +4 great sword of flaming
              (2 damage)
             ... on level 5 of the Vaults.
             The game lasted 01:57:45 (64285 turns).

Xavori the Fencer (Djinni Chaos Knight)            Turns: 64285, Time: 01:57:46

HP:   0/189 (195)   AC: 44    Str: 16    XL:     26   Next: 63%
Gold: 4070          EV:  7    Int: 28    God:    Xom [......] SH: 12 Dex: 19

rFire   + + +        n - +9 sword of Zonguldrok {reap}
rCold   + + +        t - +2 buckler {rC+}
rNeg    + + .        k - +10 gold dragon scales
rPois   ∞            u - +2 hat
rElec   +            N - +0 cloak "Upye" {rC+ Str+2}
rCorr   +            W - +2 pair of gloves
SInv    .            (boots unavailable)
Will    ++...        A - amulet of Zukko {rElec Regen+ Int+2} Stlth
                     q - ring "Taosiwk" {rC++ rN+ MP-9 Dex+3}
HPRegen 1.31/turn    o - ring "Juhioxec" {rN+ rCorr Int+4 Slay+3 Stlth+}
MPRegen 0.00/turn

%: infuse magic (-1 HP)
@: resistant, flying, slowed, studying Dodging, lightly drained, very slow
A: sickness immunity, fire resistance 2, cold vulnerability 3, float, innate
caster, HP casting, extra vitality 1, horns 2, iridescent scales 3, clever 1,
mutation resistance 1, MP-powered wands
}: 2/15 runes: barnacled, gossamer
a: Renounce Religion


You were on level 5 of the Vaults.
You worshipped Xom.
You were a very special plaything of Xom.
You visited 10 branches of the dungeon, and saw 45 of its levels.
You visited the Abyss 2 times.
You visited 1 bazaar.
You also visited: Wizlab.

You collected 8513 gold pieces.
You spent 4443 gold pieces at shops.

Inventory:

Hand Weapons
 n - the +9 sword of Zonguldrok (weapon) {reap}
   (You found it in a wizard's laboratory)
 Z - a +7 double sword of freezing
Missiles
 L - 8 throwing nets
Armour
 e - a scarf of repulsion
 k - +10 gold dragon scales (worn)
 t - a +2 buckler of cold resistance (worn)
 u - a +2 hat (worn)
 N - the +0 cloak "Upye" (worn) {rC+ Str+2}
   (Xom gifted it to you on level 5 of the Lair of Beasts)

   Str:       It affects your strength (+2).
   rC:        It protects you from cold.
 W - a +2 pair of gloves (worn)
Jewellery
 a - the ring of Daikhlakh {Fly rC+ rCorr}
   (You bought it in a shop in a bazaar)

   [ring of resist corrosion]

   rC:        It protects you from cold.
   Fly:       It grants you flight.
   rCorr:     It protects you from acid and corrosion.
 b - the ring "Fiecroqusu" {EV+5 Str-5 Slay+5}
   (You took it off a deep elf high priest on level 3 of the Elven Halls)

   [ring of evasion]

   EV:        It affects your evasion (+5).
   Str:       It affects your strength (-5).
   Slay:      It affects your accuracy & damage with ranged weapons and melee
   (+5).
 o - the ring "Juhioxec" (right hand) {rN+ rCorr Int+4 Slay+3 Stlth+}
   (Xom gifted it to you on level 2 of the Dungeon)

   [ring of resist corrosion]

   Int:       It affects your intelligence (+4).
   Slay:      It affects your accuracy & damage with ranged weapons and melee
   (+3).
   rN:        It protects you from negative energy.
   rCorr:     It protects you from acid and corrosion.
   Stlth:     It makes you more stealthy.
 q - the ring "Taosiwk" (left hand) {rC++ rN+ MP-9 Dex+3}
   (You found it on level 3 of the Crypt)

   [ring of positive energy]

   Dex:       It affects your dexterity (+3).
   rC:        It greatly protects you from cold.
   rN:        It protects you from negative energy.
   MP:        It affects your magic capacity (-9).
 r - a +5 ring of evasion
 A - the amulet of Zukko (around neck) {rElec Regen+ Int+2}
   (You found it on level 3 of the Crypt)

   [amulet of regeneration]

   Int:       It affects your intelligence (+2).
   rElec:     It insulates you from electricity.
   Regen:     It increases your rate of health regeneration.
 D - the amulet "Qifrylat" {Regen+ Dex+5}
   (You bought it in a shop on level 2 of the Orcish Mines)

   [amulet of regeneration]

   Dex:       It affects your dexterity (+5).
   Regen:     It increases your rate of health regeneration.
 I - a ring of positive energy
 Q - an amulet of reflection
Wands
 v - a wand of paralysis (34)
 B - a wand of flame (85)
 H - a wand of polymorph (32)
 J - a wand of mindburst (16)
 K - a wand of quicksilver (47)
 P - a wand of digging (8)
 X - a wand of roots (24)
Scrolls
 c - 2 scrolls of butterflies
 f - 11 scrolls of teleportation
 p - 2 scrolls of brand weapon
 s - 9 scrolls of blinking
 y - 5 scrolls of poison
 F - a scroll of silence
 M - 8 scrolls of revelation
 U - 5 scrolls of identify
 V - 5 scrolls of fog
 Y - 4 scrolls of fear
Potions
 d - 11 potions of brilliance
 g - 4 potions of haste
 h - 3 potions of berserk rage
 i - 8 potions of enlightenment
 j - 9 potions of mutation
 l - 19 potions of curing
 m - 6 potions of might
 x - 13 potions of heal wounds
 E - 5 potions of cancellation
 G - 10 potions of ambrosia
 R - 7 potions of invisibility
Miscellaneous
 w - a tin of tremorstones (2/2)
 z - a lightning rod (4/4)


   Skills:
 + Level 18.6 Fighting
 + Level 20.2 Long Blades
 * Level 16.3 Armour
 + Level 12.0 Dodging
 - Level 0.9 Stealth
 * Level 19.8 Shields
 * Level 14.5 Spellcasting
 * Level 14.5 Conjurations
 * Level 14.5 Hexes
 * Level 14.5 Summonings
 * Level 14.5 Necromancy
 * Level 14.5 Translocations
 * Level 14.5 Transmutations
 * Level 14.5 Fire Magic
 * Level 14.5 Ice Magic
 * Level 14.5 Air Magic
 * Level 14.5 Earth Magic
 * Level 14.5 Poison Magic
 - Level 13.0 Evocations


You knew the following spells:

 Your Spells              Type           Power      Damage    Failure   Level
a - Shock                 Conj/Air       100%       1d9       1%          1
b - Lesser Beckoning      Tloc           100%       N/A       1%          2
c - Mephitic Cloud        Conj/Pois/Air  80%        N/A       1%          3
d - Flame Wave            Conj/Fire      80%        2d17      7%          4
e - Iskenderun's Battles  Conj           80%        2d13      19%         5
f - Metabolic Englaciati  Hex/Ice        40%        N/A       19%         5
g - Starburst             Conj/Fire      40%        6d11      71%         6
h - Dispersal             Tloc           40%        N/A       71%         6
i - Leda's Unmaking       Conj/Erth      40%        9d7       71%         6
j - Lehudib's Crystal Sp  Conj/Erth      40%        10d10     100%        8
k - Orb of Destruction    Conj           40%        9d11      99%         7
l - Fire Storm            Conj/Fire      40%        8d10      100%        9
Your spell library was empty.


Dungeon Overview and Level Annotations

Branches:
Dungeon (15/15)            Temple (0/1) D:4            Lair (5/5) D:10
 Shoals (4/4) Lair:3       Spider (4/4) Lair:3        Slime (1/5) Lair:5
    Orc (2/2) D:11            Elf (3/3) Orc:2        Vaults (5/5) D:13
  Crypt (3/3) Vaults:2       Tomb (0/3) Crypt:3      Depths (3/4) D:15
 WizLab (visited)

Altars:
Ashenzari
Dithmenos
Elyvilon
Hepliaklqana
Makhleb
Nemelex Xobeh
Trog
Uskayaw
Wu Jian
Xom
Yredelemnul
Zin
The Shining One
Jiyva

Shops:
D:2 :[(=!   Orc:2 [=*(   Elf:1 !   Elf:3 !*   Shoals:4 *[   Depths:1 =:=
Depths:2 :

Portals:
Hell: Depths:1 Depths:2
Abyss: Depths:2
Pandemonium: Depths:2

Annotations:
D:4 1 runed translucent door, Crazy Yiuf
D:7 2 transporters, deremet's ghost, novice GnDe
D:14 4 runed translucent doors, Ylounoac's ghost, journeyman MiBe
Lair:1 2 transporters, GloriousHammer's ghost, journeyman TeFE
Lair:4 2 runed translucent doors, Osyvawk's ghost, journeyman DrMo
Shoals:2 1 runed translucent door
Elf:2 3 runed translucent doors, exclusion: 2 lightning spires
Abyss:1 Ijyb


Innate Abilities, Weirdness & Mutations

You are immune to sickness and miasma.
You are immune to poison.
Your flesh is very heat resistant. (rF++)
You are extremely vulnerable to cold. (rC---)
You float through the air rather than walking.
You learn spells naturally, not from books.
Your magical power is your life essence.
You have superior vitality. (+4 MHP)
You have a pair of horns on your head.
You are completely covered in iridescent scales. (AC +6)
Your mind is acute. (Int +4, Str/Dex -1)
You are somewhat resistant to further mutation.
You expend health (3 HP) to strengthen your wands.


Message History

The shadow dragon bites you but does no damage.
The shadow dragon claws you!
* * * LOW HITPOINT WARNING * * *
The shadow dragon claws you but does no damage.
The storm dragon bites you.
* * * LOW HITPOINT WARNING * * *
The storm dragon claws you but does no damage.
The storm dragon tramples you but does no damage.
Your quasit bites the shadow dragon but does no damage.
Your quasit claws the shadow dragon but does no damage. x2
The tengu reaver hits you but does no damage.
The tengu reaver pecks you but does no damage.
The tengu reaver claws you.
The tengu reaver hits you but does no damage.
The tengu reaver pecks you but does no damage.
The tengu reaver claws you but does no damage.
You turn to flesh and can move again.
Unknown command.
Unknown command.
Unknown command.
Unknown command.
You are engulfed in seething chaos.
The storm dragon bites you!
* * * LOW HITPOINT WARNING * * *
The storm dragon barely misses you. You block the storm dragon's attack.
Your quasit closely misses the shadow dragon. x2
Your quasit barely misses the shadow dragon.
The storm dragon barely misses you.
The storm dragon claws you but does no damage.
The storm dragon tramples you!
* * * LOW HITPOINT WARNING * * *
Xom roars with laughter!
You hold your ground!
The ancient lich mumbles some strange words.
The ancient lich flickers and vanishes!
Deactivating autopickup; reactivate with Ctrl-A.
The titan waves its arms in wide circles.
The air twists around and strikes you.
The fire giant hits you with a +4 great sword of flaming.
You die...
Xom roars with laughter!

..####(.#....# .. c
......#....# .. c ∆ ∆
....#....##. G
C..####..#....#'#, c∆
........#....#.###
..c..............
#######..[ccCp5######
..........TQ{D.......
.........CcC@D.§.....
..........pCQD§§.....
∆............pc.......
#######..p.....######
c p #........p..
...#....#....
C.#.##.(..#...... G
.### #....#.....# ∆
∆#..~.#....##


C You could see a shadow dragon, a titan, 2 storm dragons, 2 fire giants, a
stone giant, 2 tengu reavers, 3 yaktaur captains, 2 vault guards, a deep troll
shaped shifter, a vault sentinel (strong), 2 ironbound convokers, a yaktaur and
a friendly quasit (summoned).

Vanquished Creatures
  An ancient lich (WizLab)
  A juggernaut (Depths:3)
  Sojobo (Depths:2)
  Saint Roka (Orc:2)
  Frederick (Crypt:2)
  The ghost of Reyb the Executioner, a veteran DsGl of Okawaru (Vaults:1)
  Nikola (Shoals:2)
  4 golden dragons
  A Brimstone Fiend (Depths:2)
  Arachne (Spider:2)
  5 tentacled monstrosities
  5 liches
  The ghost of Zuupp the Tortoise, an adept AtRe of Lugonu (Shoals:2)
  A walking crystal tome (Depths:3)
  Mlioglotl (Spider:1)
  A walking divine tome (Depths:3)
  4 titans
  A walking frostbound tome (Depths:3)
  An Executioner (Abyss:3)
  3 tentacled starspawn
  4 ancient champions
  A deep elf blademaster (Elf:3)
  2 acid blobs (Vaults:1)
  2 deep elf master archers (Elf:3)
  2 sphinxes (Vaults:4)
  2 krakens
  7 tengu reavers
  2 storm dragons
  Donald (Shoals:1)
  Aizul (Shoals:1)
  Kirke (D:13)
  3 revenants
  A rockslime (Vaults:1)
  3 deep elf sorcerers
  An iron dragon (Depths:3)
  The ghost of Brisketman the Gelid, an adept MfIE of Qazlal (Elf:1)
  5 fire giants
  4 frost giants
  A juggernaut zombie (Crypt:1)
  10 vault wardens
  2 emperor scorpions
  2 ghost moths
  A balrug (Depths:2)
  2 curse skulls
  An orc warlord (Vaults:2)
  An angel (Abyss:3)
  4 deep elf elementalists (Elf:3)
  4 cacodemons
  A spectral caustic shrike (Crypt:3)
  2 broodmothers (Spider:4)
  2 war gargoyles (Vaults:3)
  16 ironbound preservers
  11 stone giants
  A reaper (Crypt:2)
  11 ironbound thunderhulks
  12 very ugly things
  5 ghouls
  3 formless jellyfish
  2 vampire knights
  10 deep elf demonologists
  A dire elephant (Vaults:2)
  A spark wasp (Spider:4)
  8 deep elf annihilators
  8 eidola
  8 deep elf death magi
  12 ettins
  3 fire dragons
  10 jiangshi
  Josephine (D:15)
  2 merfolk javelineers (Shoals:4)
  A spectral spriggan (Crypt:3)
  5 entropy weavers
  2 green deaths
  2 merfolk impalers (Shoals:4)
  11 yaktaur captains
  3 deep elf high priests
  A peacekeeper (Vaults:3)
  3 rakshasas
  8 great orbs of eyes
  31 vault guards
  3 ice dragons
  3 spriggan air magi
  5 centaur warriors
  12 hydras
  2 ogre magi
  A radroach (Spider:1)
  5 jorogumos
  An alligator snapping turtle (Shoals:4)
  A catoblepas (Lair:4)
  An anaconda (Lair:2)
  5 ironbound frosthearts
  A death knight (Crypt:2)
  11 boulder beetles
  19 dancing weapons
  2 merfolk avatars
  3 two-headed ogres
  5 deep troll shamans
  3 deep troll earth magi
  8 death scarabs (Spider:4)
  25 death yaks
  10 tengu warriors
  3 satyrs (Shoals:4)
  7 demonic crawlers
  5 thrashing horrors
  An orc high priest (Orc:2)
  A hell hog (Depths:2)
  2 spriggan berserkers (Depths:3)
  19 deep elf knights
  Urug (D:13)
  26 hell knights
  3 sun demons
  2 shock serpents (Elf:2)
  5 vampire magi
  15 shadow wraiths
  A fire crab (Lair:2)
  A soul eater (Abyss:3)
  A wretched star (Abyss:2)
  3 pharaoh ants
  A goliath frog (Shoals:4)
  2 sixfirhies (Abyss:3)
  9 sea snakes
  7 skysharks
  5 iron trolls
  24 skeletal warriors
  8 glowing orange brains
  A storm dragon skeleton (Crypt:1)
  3 sun moths
  3 flayed ghosts (Crypt:3)
  51 deep trolls
  A swamp dragon (Lair:5)
  22 deep elf archers
  A shadow dragon zombie (Crypt:2)
  4 steelbarb worms
  25 phantasmal warriors
  11 wizards
  15 ironbound convokers
  A bog body (Crypt:1)
  2 spectral wolf spiders (Spider:4)
  5 orb spiders (Spider:4)
  7 orc knights
  24 harpies
  17 lindwurms
  5 orc sorcerers
  14 wolf spiders
  8 necromancers
  34 deep elf zephyrmancers
  10 fauns
  An eleionoma zombie (Crypt:3)
  31 deep elf pyromancers
  39 ugly things
  2 worldbinders (Abyss:2)
  11 manticores
  A broodmother zombie (Spider:4)
  A mana viper (shapeshifter) (D:15)
  A sphinx skeleton (Crypt:3)
  5 moths of wrath
  8 cyclopes
  8 merfolk sirens
  15 vault sentinels
  22 elephants
  An eleionoma skeleton (Crypt:1)
  A shock serpent skeleton (Crypt:2)
  An eye of devastation (Vaults:1)
  A molten gargoyle (Depths:2)
  7 black mambas
  A rust devil (Abyss:2)
  A yaktaur zombie (Vaults:3)
  An orb spider zombie (Crypt:2)
  A catoblepas zombie (Crypt:3)
  2 smoke demons
  13 torpor snails
  6 water nymphs
  A hellion (Depths:2)
  An unseen horror (shapeshifter) (Depths:3)
  13 cane toads
  A gargoyle (D:13)
  4 kobold demonologists
  8 rime drakes
  2 spectral redbacks (Spider:4)
  13 freezing wraiths
  3 redback zombies (Spider:4)
  14 komodo dragons
  A dire elephant skeleton (Crypt:2)
  An efreet (D:15)
  An unseen horror (D:11)
  28 yaktaurs
  An alligator snapping turtle skeleton (Crypt:2)
  6 tengu conjurers
  A black draconian skeleton (Crypt:1)
  5 wind drakes
  A tengu simulacrum (Vaults:3)
  A spectral harpy (Crypt:3)
  A sea snake skeleton (Crypt:3)
  7 merfolk
  5 trolls
  6 meliai
  3 spectral tarantellas (Spider:4)
  3 tyrant leeches (Lair:5)
  A guardian serpent zombie (Crypt:2)
  21 tarantellas
  4 polar bears
  Grinder (D:3)
  A spectral jumping spider (Spider:4)
  A tarantella (shapeshifter) (Elf:3)
  11 hornets
  A harpy skeleton (Crypt:2)
  A spectral culicivora (Spider:4)
  8 blink frogs (Lair:4)
  An elf zombie (Vaults:3)
  A hornet (shapeshifter) (Shoals:4)
  6 raiju
  11 snapping turtles
  A culicivora zombie (Spider:4)
  A jumping spider zombie (Spider:4)
  A tarantella zombie (Spider:4)
  7 dream sheep (Lair:2)
  A centaur simulacrum (D:15)
  2 deep troll skeletons
  15 flying skulls
  3 air elementals
  50 slime creatures
  16 culicivoras
  20 jumping spiders
  10 shadows
  2 spriggans
  Sigmund (D:3)
  An ettin skeleton (Abyss:3)
  5 large abominations
  12 water elementals
  60 yaks
  6 vampires
  2 wyverns (Lair:2)
  5 basilisks
  13 wraiths
  2 ynoxinuls (Abyss:2)
  5 fire elementals
  A hog (D:13)
  7 starcursed masses
  52 redbacks
  5 vampire mosquitoes (D:13)
  2 chaos spawn
  4 golden eyes (Vaults:1)
  3 steam dragons
  2 neqoxecs
  4 wargs
  A fire bat zombie (Crypt:3)
  5 two-headed ogre zombies (WizLab)
  5 acid dragons
  20 water moccasins
  A naga zombie (Abyss:2)
  5 small abominations
  28 orc warriors
  Duvessa (D:7)
  A glowing shapeshifter skeleton (Vaults:3)
  2 ice beasts
  2 black bears
  3 swamp drakes
  A dream sheep zombie (Crypt:1)
  4 sky beasts
  A boggart (Vaults:2)
  11 ogres
  A snapping turtle skeleton (Crypt:3)
  13 wolves
  The ghost of GamesABlazin the Changeling, an amateur HuSh (D:3)
  14 centaurs
  A lindwurm skeleton (Crypt:3)
  9 kobold brigands
  15 bullfrogs
  8 scorpions
  A necrophage (Crypt:2)
  2 earth elementals
  A gnoll sergeant (D:11)
  An elf skeleton (Crypt:3)
  5 wights (WizLab)
  Dowan (D:7)
  A wyvern skeleton (Crypt:1)
  A spriggan skeleton (Crypt:1)
  11 killer bees
  8 troll zombies (WizLab)
  2 electric eels (Lair:5)
  4 howler monkeys
  A quasit (Abyss:2)
  4 hounds
  4 jellies
  12 orc priests
  A sleepcap (D:7)
  Jessica (D:3)
  Natasha (twice) (D:3)
  17 iguanas
  20 orc wizards
  6 ogre zombies (WizLab)
  6 gnolls
  12 adders
  4 white imps
  3 ufetubi
  A jelly zombie (Crypt:3)
  2 worms
  64 orcs
  13 bats
  9 endoplasms
  4 giant cockroaches
  7 hobgoblins
  4 jackals (D:1)
  A quokka (D:2)
  5 ball pythons
  17 frilled lizards
  A frilled lizard skeleton (Crypt:2)
  A gnoll zombie (Crypt:1)
  4 goblins
  17 kobolds
  6 rats
  A river rat skeleton (Crypt:2)
  2 starspawn tentacles
  6 tentacles
1997 creatures vanquished.

Vanquished Creatures (collateral kills)
  A vault guard (Vaults:4)
  An orc high priest (Orc:2)
  A deep troll (Vaults:2)
  A deep elf archer (Elf:1)
  2 deep elf zephyrmancers
  3 deep elf pyromancers (Elf:2)
  A faun (Shoals:4)
  An orc knight (Orc:2)
  2 ugly things (D:15)
  A water nymph (Shoals:3)
  Prince Ribbit (D:7)
  A slime creature (Vaults:1)
  A wyvern (Lair:5)
  A basilisk (Lair:5)
  A redback (shapeshifter) (Elf:2)
  A warg (D:15)
  3 orc warriors
  An ogre (D:11)
  A wolf (Lair:5)
  A kobold brigand (D:11)
  3 orc priests (Orc:2)
  An orc wizard (D:15)
  2 gnolls (D:11)
  4 orcs (Orc:2)
  2 kobolds (D:11)
38 creatures vanquished.

Vanquished Creatures (others)
  A deep elf blademaster (Elf:3)
  A great orb of eyes (Vaults:5)
  3 dancing weapons
  A spriggan berserker (Depths:3)
  A glowing orange brain (Depths:3)
  A bog body (Crypt:1)
  A deep elf archer (Elf:1)
  An ironbound convoker (Vaults:1)
  A wizard (Vaults:1)
  An ugly thing (Vaults:1)
  A yaktaur (Vaults:5)
  An ancient zyme (Abyss:2)
  A merfolk (Shoals:3)
  2 human zombies (Vaults:4)
  A blink frog (Lair:4)
  A human (D:13)
  2 golden eyes (Abyss:2)
  A warg (Vaults:5)
  A centaur (D:15)
  A quasit (Abyss:2)
  2 iguanas
  A jelly zombie (D:7)
  3 orcs
  A frilled lizard (Lair:4)
  A ball lightning (Elf:2)
  2 starspawn tentacles
  14 tentacles
48 creatures vanquished.

Grand Total: 2083 creatures vanquished

Notes
Turn   | Place    | Note
-------+----------+-------------------------------------------
     0 | D:1      | Xavori the Djinni Chaos Knight began the quest for the Orb.
     0 | D:1      | Reached XP level 1. HP: 20/20 MP: 0/0
   298 | D:1      | XOM: silly message
   516 | D:1      | XOM: summons 1 hostile demon
   517 | D:1      | Noticed an iron imp
   525 | D:1      | HP: 1/20 [iron imp[Xom] (2)]
   621 | D:1      | XOM: silly message
  1551 | D:1      | XOM: give mutation
  1551 | D:1      | Gained mutation: You are weak. (Str -2) [Xom's mischief]
  1633 | D:1      | XOM: summons 1 hostile shadow creature
  1893 | D:1      | XOM: 1-stop teleportation journey
  1940 | D:1      | Reached XP level 2. HP: 20/25 MP: 0/0
  2235 | D:1      | Reached skill level 3 in Long Blades
  2244 | D:1      | Reached XP level 3. HP: 18/30 MP: 0/0
  2244 | D:1      | Learned a level 1 spell: Shock
  2898 | D:1      | XOM: stat loss: -1 Int (12/13)
  3281 | D:1      | XOM: torment (16/30 hp)
  3343 | D:1      | XOM: god gift: 956 gold pieces
  3512 | D:1      | XOM: give mutation
  4132 | D:1      | XOM: god gift: club {god gift}
  4217 | D:1      | XOM: give mutation
  4217 | D:1      | Gained mutation: Armour fits poorly on your strangely
                  | shaped body. [Xom's mischief]
  4343 | D:1      | Identified the staff of Overwhelming Force {Will++ Dex-4
                  | SInv Earth} (Xom gifted it to you on level 1 of the
                  | Dungeon)
  4343 | D:1      | XOM: god gift: staff of Overwhelming Force {Will++ Dex-4
                  | SInv Earth}
  4886 | D:1      | XOM is BORED!
  5310 | D:1      | XOM: noise
  5512 | D:1      | XOM: give mutations
  5512 | D:1      | Gained mutation: Your spells are a little harder to cast,
                  | but a little more powerful. [Xom's grace]
  5512 | D:1      | Gained mutation: You are partially covered in iridescent
                  | scales. (AC +2) [Xom's grace]
  5512 | D:1      | Lost mutation: You are weak. (Str -2) [Xom's grace]
  5512 | D:1      | Gained mutation: You possess an exceptional clarity of
                  | mind. [Xom's grace]
  5997 | D:1      | XOM: give mutations
  5997 | D:1      | Gained mutation: Your body sometimes deteriorates upon
                  | taking damage. [Xom's mischief]
  5997 | D:1      | Gained mutation: You are robust. (+10% HP) [Xom's mischief]
  6061 | D:1      | XOM: divination: magic mapping
  6107 | D:1      | XOM: give mutations
  6107 | D:1      | Gained mutation: Your muscles are strong. (Str +4, Int/Dex
                  | -1) [Xom's grace]
  6931 | D:1      | XOM: give mutation
  6931 | D:1      | Gained mutation: You have a somewhat thin skeletal
                  | structure. (Dex +2, Stealth+) [Xom's grace]
  7895 | D:1      | XOM: god gift: book of the Spheres
  7914 | D:1      | XOM: divination: detect items
  8271 | D:1      | XOM: give mutations
  8271 | D:1      | Gained mutation: Your mind is acute. (Int +4, Str/Dex -1)
                  | [Xom's grace]
  8366 | D:1      | XOM: scenery: create altars
  8537 | D:1      | XOM is BORED!
  8537 | D:1      | XOM: stat loss: -1 Int (14/16)
  9098 | D:2      | Found Guoni's Distillery.
  9128 | D:2      | Bought a potion of haste for 110 gold pieces
  9128 | D:2      | Bought a potion of lignification for 33 gold pieces
  9128 | D:2      | Bought a potion of brilliance for 44 gold pieces
  9128 | D:2      | Bought a potion of enlightenment for 55 gold pieces
  9128 | D:2      | Bought a potion of mutation for 88 gold pieces
  9128 | D:2      | Bought a potion of attraction for 33 gold pieces
  9128 | D:2      | Bought a potion of curing for 33 gold pieces
  9128 | D:2      | Bought a potion of might for 44 gold pieces
  9351 | D:2      | Found Odisau's Jewellery Boutique.
  9361 | D:2      | Bought a +6 ring of dexterity for 360 gold pieces
  9366 | D:2      | Identified the ring "Juhioxec" {rN+ rCorr Int+4 Slay+3
                  | Stlth+} (Xom gifted it to you on level 2 of the Dungeon)
  9366 | D:2      | XOM: god gift: ring "Juhioxec" {rN+ rCorr Int+4 Slay+3
                  | Stlth+}
  9384 | D:2      | Found a sparkling altar of Nemelex Xobeh.
  9504 | D:2      | Found Ucruc's Book Boutique.
  9535 | D:2      | Reached XP level 4. HP: 38/38 MP: 0/0
  9575 | D:2      | Found Apte's Armour Shoppe.
  9583 | D:2      | Bought a +2 buckler for 181 gold pieces
  9636 | D:2      | Found Inestux's Weapon Emporium.
  9872 | D:3      | Noticed Jessica
  9874 | D:3      | Found a runed translucent gate.
  9874 | D:3      | Found a runed translucent gate.
  9879 | D:3      | Killed Jessica
  9881 | D:3      | Noticed an ogre
  9881 | D:3      | Noticed GamesABlazin's ghost (amateur HuSh)
 10059 | D:3      | Found a runed translucent gate.
 10200 | D:3      | Noticed Ijyb
 10209 | D:3      | Banished Ijyb
 10210 | D:3      | Reached XP level 5. HP: 44/44 MP: 0/0
 10210 | D:3      | Learned a level 2 spell: Lesser Beckoning
 10212 | D:3      | Noticed Grinder
 10223 | D:3      | XOM: fog
 10232 | D:3      | Killed Grinder
 10233 | D:3      | Reached skill level 4 in Long Blades
 10233 | D:3      | Reached skill level 1 in Shields
 10233 | D:3      | Reached skill level 1 in Spellcasting
 10233 | D:3      | Reached skill level 1 in Conjurations
 10233 | D:3      | Reached skill level 1 in Hexes
 10233 | D:3      | Reached skill level 1 in Summonings
 10233 | D:3      | Reached skill level 1 in Necromancy
 10233 | D:3      | Reached skill level 1 in Translocations
 10233 | D:3      | Reached skill level 1 in Transmutations
 10233 | D:3      | Reached skill level 1 in Fire Magic
 10233 | D:3      | Reached skill level 1 in Ice Magic
 10233 | D:3      | Reached skill level 1 in Air Magic
 10233 | D:3      | Reached skill level 1 in Earth Magic
 10233 | D:3      | Reached skill level 1 in Poison Magic
 10233 | D:3      | Reached XP level 6. HP: 19/50 MP: 0/0
 10233 | D:3      | XOM: give mutation
 10233 | D:3      | Gained mutation: You passively map a small area around you.
                  | [Xom's grace]
 10327 | D:3      | XOM: 5-stop teleportation journey
 10370 | D:3      | XOM: noise
 10378 | D:3      | Noticed Sigmund
 10389 | D:3      | Killed Sigmund
 10390 | D:3      | Reached XP level 7. HP: 55/55 MP: 0/0
 10390 | D:3      | Learned a level 3 spell: Mephitic Cloud
 10635 | D:3      | XOM: 2-stop teleportation journey
 10724 | D:3      | XOM: give mutations
 10724 | D:3      | Gained mutation: You have hidden genetic potential. [Xom's
                  | mischief]
 10724 | D:3      | Lost mutation: Your mind is acute. (Int +4, Str/Dex -1)
                  | [Xom's mischief]
 10737 | D:3      | XOM: summons 2 hostile demons
 10738 | D:3      | Noticed a rust devil
 10763 | D:3      | XOM: silly message
 10802 | D:3      | XOM: silly message
 10996 | D:3      | Killed GamesABlazin's ghost
 10997 | D:3      | Reached skill level 5 in Long Blades
 11224 | D:4      | Noticed Natasha
 11236 | D:3      | Killed Natasha
 11338 | D:3      | XOM: give mutations
 11338 | D:3      | Lost mutation: Your body sometimes deteriorates upon taking
                  | damage. [Xom's mischief]
 11338 | D:3      | Lost mutation: You possess an exceptional clarity of mind.
                  | [Xom's mischief]
 11338 | D:3      | Lost mutation: Your spells are a little harder to cast, but
                  | a little more powerful. [Xom's mischief]
 11488 | D:4      | Reached XP level 8. HP: 63/63 MP: 0/0
 11617 | D:4      | Found a staircase to the Ecumenical Temple.
 11905 | D:4      | XOM: noise
 12015 | D:4      | XOM: give mutations
 12015 | D:4      | Gained mutation: You are very robust. (+20% HP) [Xom's
                  | mischief]
 12015 | D:4      | Gained mutation: You are dopey. (Int -2) [Xom's mischief]
 12015 | D:4      | Lost mutation: You have a somewhat thin skeletal structure.
                  | (Dex +2, Stealth+) [Xom's mischief]
 12144 | D:4      | Found a runed translucent door.
 12145 | D:4      | Noticed Crazy Yiuf
 12211 | D:5      | Entered Level 5 of the Dungeon
 12231 | D:4      | Gained mutation: You have a pair of small horns on your
                  | head. [hidden potential]
 12393 | D:5      | XOM: silly message
 12426 | D:5      | XOM: divination: detect items
 12492 | D:5      | Reached skill level 6 in Long Blades
 12572 | D:5      | XOM: silly message
 12646 | D:5      | XOM: 1-stop teleportation journey
 12700 | D:5      | XOM: silly message
 12761 | D:5      | XOM: 3-stop teleportation journey
 12902 | D:6      | XOM: cloud trail
 13080 | D:6      | Reached XP level 9. HP: 48/75 MP: 0/0
 13080 | D:6      | Learned a level 4 spell: Flame Wave
 13323 | D:6      | XOM: 9-stop teleportation journey
 13394 | D:6      | Gained mutation: Your skin changes colour to match your
                  | surroundings (Stealth+). [hidden potential]
 13394 | D:6      | Lost mutation: You have hidden genetic potential. [hidden
                  | potential expressed]
 13610 | D:6      | XOM: confuse monster(s)
 14080 | D:6      | Found a hazy altar of Hepliaklqana.
 14231 | D:7      | XOM: divination: detect items
 14237 | D:7      | XOM: confusion (+ monsters)
 14248 | D:7      | Reached skill level 7 in Long Blades
 14345 | D:7      | Noticed Dowan
 14347 | D:7      | XOM: enchant monster (bad)
 14349 | D:7      | Noticed Duvessa
 14365 | D:7      | Killed Duvessa
 14366 | D:7      | Reached skill level 5 in Fighting
 14371 | D:7      | Killed Dowan
 14477 | D:7      | Reached skill level 5 in Shields
 14482 | D:7      | Found a transporter.
 14489 | D:7      | Noticed deremet's ghost (novice GnDe)
 14489 | D:7      | Noticed a moth of wrath
 14494 | D:7      | Noticed an eight-headed hydra
 14530 | D:7      | Found a transporter.
 14618 | D:7      | XOM: divination: detect items
 14749 | D:7      | Noticed Prince Ribbit
 14773 | D:7      | XOM: cast spell 'Summon Mana Viper'
 14776 | D:7      | Killed Prince Ribbit
 14777 | D:7      | Reached XP level 10. HP: 74/84 MP: 0/0
 14789 | D:7      | XOM: cloud trail
 14963 | D:8      | XOM: 1-stop teleportation journey
 15132 | D:8      | XOM: chaos cloud
 15260 | D:8      | XOM: 2-stop teleportation journey
 15415 | D:8      | XOM: 1-stop teleportation journey
 15420 | D:8      | Reached skill level 8 in Long Blades
 15672 | D:8      | XOM: noise
 15816 | D:8      | XOM: noise
 16060 | D:9      | XOM: summons 2 hostile demons
 16100 | D:9      | XOM: summons 4 friendly demons
 16117 | D:9      | XOM: 7-stop teleportation journey
 16147 | D:9      | XOM: give mutations
 16147 | D:9      | Gained mutation: You have sharp fingernails. [Xom's grace]
 16147 | D:9      | Gained mutation: You are mostly covered in iridescent
                  | scales. (AC +4) [Xom's grace]
 16147 | D:9      | Gained mutation: You passively dampen the noise of your
                  | surroundings. [Xom's grace]
 16240 | D:9      | Reached skill level 1 in Evocations
 16300 | D:9      | Noticed a cyclops
 16307 | D:9      | Killed a cyclops
 16482 | D:9      | XOM: scenery: 1 doors open, 1 doors close
 16483 | D:9      | XOM: summons friendly crimson imp
 16490 | D:9      | Reached skill level 5 in Armour
 16515 | D:9      | XOM: enchant monster (bad)
 16813 | D:10     | Entered Level 10 of the Dungeon
 16820 | D:9      | XOM: enchant monster (good)
 16835 | D:9      | Reached skill level 9 in Long Blades
 16835 | D:9      | Reached XP level 11. HP: 54/91 MP: 0/0
 16835 | D:9      | Learned a level 5 spell: Iskenderun's Battlesphere
 16969 | D:10     | Found a staircase to the Lair.
 17171 | D:10     | XOM: confuse monster(s)
 17179 | D:10     | XOM: cleaving
 17326 | D:10     | XOM: cast spell 'Chain of Chaos'
 17329 | D:10     | XOM: enchant monster (bad)
 17426 | D:10     | XOM: 5-stop teleportation journey
 17556 | D:10     | Found a glowing golden altar of the Shining One.
 17556 | D:10     | Found a white marble altar of Elyvilon.
 17556 | D:10     | Found a glowing silver altar of Zin.
 17578 | D:10     | Found an ornate altar of the Wu Jian Council.
 17688 | D:10     | Found a hide-covered altar of Uskayaw.
 17878 | D:10     | Identified a scroll of acquirement
 17878 | D:10     | Acquired the +5 double sword of Fortitude {freeze, Drain
                  | rC+ rN+ SInv}
 17941 | D:11     | Noticed a two-headed ogre
 17943 | D:11     | XOM: enchant monster (bad)
 18024 | D:10     | XOM: noise
 18229 | D:11     | Killed a two-headed ogre
 18286 | D:10     | XOM: blink monster(s)
 18291 | D:10     | XOM: enchant monster (bad)
 18292 | D:10     | Reached skill level 5 in Dodging
 18316 | D:11     | XOM: divination: magic mapping
 18345 | D:11     | XOM: noise
 18546 | D:11     | Reached skill level 10 in Long Blades
 18587 | D:11     | XOM: potion effect (brilliance)
 18591 | D:11     | XOM: potion effect (attraction)
 18593 | D:11     | XOM: divination: magic mapping
 18604 | D:11     | Reached XP level 12. HP: 100/100 MP: 0/0
 18605 | D:11     | XOM: summons 3 friendly demons
 18637 | D:11     | Noticed a boulder beetle
 18651 | D:11     | Killed a boulder beetle
 18690 | D:11     | Found a staircase to the Orcish Mines.
 18695 | D:11     | XOM: polymorph gnoll sergeant -> steam dragon
 18697 | D:11     | XOM: noise
 18698 | D:11     | XOM: enchant monster (bad)
 18705 | D:11     | Reached skill level 5 in Evocations
 18739 | D:11     | XOM: blink monster(s)
 18820 | D:11     | XOM: 1-stop teleportation journey
 19020 | Lair:1   | Entered Level 1 of the Lair of Beasts
 19020 | Lair:1   | Noticed a spriggan berserker
 19035 | Lair:1   | Reached skill level 5 in Spellcasting
 19035 | Lair:1   | Reached skill level 5 in Conjurations
 19035 | Lair:1   | Reached skill level 5 in Hexes
 19035 | Lair:1   | Reached skill level 5 in Summonings
 19035 | Lair:1   | Reached skill level 5 in Necromancy
 19035 | Lair:1   | Reached skill level 5 in Translocations
 19035 | Lair:1   | Reached skill level 5 in Transmutations
 19035 | Lair:1   | Reached skill level 5 in Fire Magic
 19035 | Lair:1   | Reached skill level 5 in Ice Magic
 19035 | Lair:1   | Reached skill level 5 in Air Magic
 19035 | Lair:1   | Reached skill level 5 in Earth Magic
 19035 | Lair:1   | Reached skill level 5 in Poison Magic
 19138 | Lair:1   | XOM: polymorph black mamba -> spriggan
 19200 | Lair:1   | Noticed a spriggan rider
 19228 | Lair:1   | Found a transporter.
 19237 | Lair:1   | Found a bloodstained altar of Trog.
 19242 | Lair:1   | XOM: give mutations
 19242 | Lair:1   | Gained mutation: You expend health (3 HP) to strengthen
                  | your wands. [Xom's grace]
 19242 | Lair:1   | Lost mutation: You are dopey. (Int -2) [Xom's grace]
 19242 | Lair:1   | Gained mutation: You are completely covered in iridescent
                  | scales. (AC +6) [Xom's grace]
 19244 | Lair:1   | Noticed GloriousHammer's ghost (journeyman TeFE)
 19250 | Lair:1   | Found a transporter.
 19312 | Lair:1   | XOM: 1-stop teleportation journey
 19510 | Lair:1   | XOM: god gift: 30 gold pieces
 19770 | Lair:2   | XOM: fog
 19772 | Lair:2   | XOM: divination: detect creatures
 19775 | Lair:2   | XOM: silly message
 19875 | Lair:2   | Noticed an anaconda
 19882 | Lair:2   | XOM: silly message
 19883 | Lair:2   | Killed an anaconda
 19883 | Lair:2   | XOM: cast spell 'Olgreb's Toxic Radiance'
 19888 | Lair:2   | Reached skill level 11 in Long Blades
 19888 | Lair:2   | Noticed a six-headed hydra
 19915 | Lair:2   | XOM: potion effect (invisibility)
 19926 | Lair:2   | Killed a 14-headed hydra
 19927 | Lair:2   | Reached XP level 13. HP: 80/108 MP: 0/0
 19927 | Lair:2   | Learned a level 5 spell: Metabolic Englaciation
 20028 | Lair:2   | Found a shadowy altar of Dithmenos.
 20191 | Lair:2   | Noticed a five-headed hydra
 20201 | Lair:2   | Killed a ten-headed hydra
 20287 | Lair:2   | XOM: cast spell 'Alistair's Intoxication'
 20458 | Lair:2   | XOM: cast spell 'Dispersal'
 20748 | Lair:2   | Noticed a five-headed hydra
 20748 | Lair:2   | Noticed a six-headed hydra
 20831 | Lair:3   | Found a hole to the Spider Nest.
 20929 | Lair:2   | XOM: potion effect (curing)
 20931 | Lair:2   | Killed a nine-headed hydra
 20935 | Lair:2   | XOM: noise
 21143 | Lair:2   | XOM: noise
 21187 | Lair:2   | XOM: divination: detect creatures
 21192 | Lair:2   | Killed a seven-headed hydra
 21211 | Lair:2   | Reached skill level 12 in Long Blades
 21211 | Lair:2   | Reached skill level 10 in Shields
 21228 | Lair:2   | XOM: chaos cloud
 21411 | Lair:3   | XOM: cast spell 'Summon Small Mammal'
 21532 | Lair:3   | XOM: silly message
 21552 | Lair:3   | XOM: noise
 21669 | Lair:3   | XOM: potion effect (brilliance)
 21670 | Lair:3   | Reached XP level 14. HP: 94/118 MP: 0/0
 21697 | Lair:3   | XOM: cloud trail
 22054 | Lair:3   | XOM: potion effect (attraction)
 22059 | Lair:3   | XOM: potion effect (might)
 22394 | Lair:3   | Found a staircase to the Shoals.
 22404 | Lair:3   | XOM: enchant monster (good)
 22725 | Lair:4   | XOM: cast spell 'Call Canine Familiar'
 22730 | Lair:4   | XOM: enchant monster (bad)
 22801 | Lair:4   | XOM: 1-stop teleportation journey
 22937 | Lair:4   | XOM: 4-stop teleportation journey
 22945 | Lair:4   | Found a large runed translucent door.
 22945 | Lair:4   | Found a large runed translucent door.
 22947 | Lair:4   | Noticed Osyvawk's ghost (journeyman DrMo)
 22967 | Lair:4   | XOM: enchant monster (good)
 22968 | Lair:4   | XOM: enchant monster (good)
 23135 | Lair:4   | XOM: divination: detect creatures
 23189 | Lair:4   | XOM: 2-stop teleportation journey
 23266 | Lair:4   | XOM: polymorph death yak -> catoblepas
 23299 | Lair:4   | XOM: summons 2 friendly demons
 23301 | Lair:4   | XOM: cast spell 'Dispersal'
 23302 | Lair:4   | XOM: summons friendly shadow imp
 23331 | Lair:4   | XOM: confuse monster(s)
 23639 | Lair:4   | XOM: fog
 23663 | Lair:4   | XOM: divine lightning
 23804 | Lair:4   | XOM: scenery: summon butterflies
 23806 | Lair:4   | XOM: cleaving
 23808 | Lair:4   | XOM: divination: magic mapping
 23813 | Lair:4   | XOM: potion effect (attraction)
 23974 | Lair:4   | XOM: fog
 23979 | Lair:4   | Reached skill level 13 in Long Blades
 24235 | Lair:4   | XOM: silly message
 24291 | Lair:5   | Entered Level 5 of the Lair of Beasts
 24308 | Lair:5   | XOM: summons friendly iron imp
 24347 | Lair:5   | XOM: potion effect (might)
 24350 | Lair:5   | XOM: potion effect (brilliance)
 24352 | Lair:5   | XOM: cast spell 'Alistair's Intoxication'
 24378 | Lair:5   | Reached XP level 15. HP: 115/127 MP: 0/0
 24378 | Lair:5   | Learned a level 6 spell: Starburst
 24430 | Lair:5   | Found a staircase to the Slime Pits.
 24461 | Lair:5   | Identified the +0 cloak "Upye" {rC+ Str+2} (Xom gifted it
                  | to you on level 5 of the Lair of Beasts)
 24461 | Lair:5   | XOM: god gift: +0 cloak "Upye" {rC+ Str+2}
 24518 | Lair:5   | XOM: cast spell 'Summon Dragon'
 24639 | Lair:5   | XOM: summons 2 friendly demons
 24652 | Lair:5   | XOM: cast spell 'Cause Fear'
 24660 | Lair:5   | XOM: potion effect (haste)
 24682 | Lair:5   | XOM: confuse monster(s)
 24778 | Lair:5   | XOM: noise
 24792 | Lair:5   | XOM: confusion (+ monsters)
 24804 | Lair:5   | XOM: noise
 24833 | Lair:5   | XOM: potion effect (might)
 24842 | Lair:5   | XOM: potion effect (curing)
 24864 | Lair:5   | XOM: confuse monster(s)
 24872 | Lair:5   | Reached skill level 10 in Fighting
 25099 | Lair:5   | XOM: 2-stop teleportation journey
 25115 | Lair:5   | XOM: enchant monster (good)
 25217 | Lair:5   | XOM: summons friendly white imp
 25269 | Lair:5   | XOM: enchant monster (good)
 25280 | Lair:5   | Reached skill level 14 in Long Blades
 25319 | Lair:5   | XOM: polymorph white imp -> shadow imp
 25646 | Lair:5   | Found a runed translucent door.
 25769 | Lair:5   | XOM: cast spell 'Summon Small Mammal'
 25774 | Lair:5   | XOM: enchant monster (good)
 25786 | Lair:5   | XOM: summons friendly ufetubus
 25820 | Lair:5   | XOM: confuse monster(s)
 25908 | Lair:5   | XOM: summons 8 friendly demons
 25923 | Lair:5   | XOM: silly message
 25935 | Lair:5   | Reached XP level 16. HP: 109/135 MP: 0/0
 26079 | Lair:2   | XOM: give mutations
 26079 | Lair:2   | Lost mutation: You have a pair of small horns on your head.
                  | [Xom's mischief]
 26079 | Lair:2   | Lost mutation: You expend health (3 HP) to strengthen your
                  | wands. [Xom's mischief]
 26191 | Orc:1    | Entered Level 1 of the Orcish Mines
 26452 | Orc:2    | Entered Level 2 of the Orcish Mines
 26456 | Orc:2    | XOM: divination: magic mapping
 26591 | Orc:2    | XOM: stat loss: -1 Str (20/21)
 26592 | Orc:2    | XOM: summons 10 friendly demons
 26653 | Orc:2    | Found a staircase to the Elven Halls.
 26661 | Orc:2    | XOM: summons friendly quasit
 26801 | Orc:2    | XOM: fog
 26880 | Orc:1    | XOM: 5-stop teleportation journey
 26947 | Orc:2    | Noticed Saint Roka
 27223 | Orc:2    | XOM: destruction
 27243 | Orc:2    | Killed Saint Roka
 27244 | Orc:2    | Reached skill level 10 in Evocations
 27310 | Orc:2    | XOM: divine lightning
 27516 | Orc:2    | Found Hurept's General Store.
 27523 | Orc:2    | Bought a potion of heal wounds for 60 gold pieces
 27532 | Orc:2    | Found Pypnin's Antique Weapon Emporium.
 27553 | Orc:2    | Found Icvucw's Jewellery Emporium.
 27560 | Orc:2    | Bought the amulet "Qifrylat" {Regen+ Dex+5} for 712 gold
                  | pieces
 27646 | Orc:2    | XOM: silly message
 27794 | Orc:2    | Found Iroirehe's Antique Armour Emporium.
 27954 | Orc:1    | XOM: noise
 28229 | D:12     | Found a broken altar of Ashenzari.
 28254 | D:12     | a boulder beetle changed into an emperor scorpion
 28254 | D:12     | Noticed an emperor scorpion
 28254 | D:12     | XOM: polymorph boulder beetle -> emperor scorpion
 28263 | D:12     | XOM: blink monster(s)
 28277 | D:12     | Killed an emperor scorpion
 28709 | D:12     | XOM: noise
 28815 | D:13     | XOM: noise
 29042 | D:13     | Noticed Kirke
 29054 | D:13     | XOM: stat loss: -1 Dex (20/21)
 29059 | D:13     | XOM: 1-stop teleportation journey
 29198 | D:13     | Noticed Urug
 29210 | D:13     | Killed Kirke
 29223 | D:13     | Killed Urug
 29318 | D:13     | XOM: silly message
 29321 | D:13     | XOM: 5-stop teleportation journey
 29323 | D:13     | XOM: confusion (+ monsters)
 29359 | D:13     | XOM: enchant monster (bad)
 29372 | D:13     | XOM: 1-stop teleportation journey
 29694 | D:13     | Found a gate to the Vaults.
 29778 | D:14     | XOM: swap monsters
 29794 | D:14     | XOM: enchant monster (bad)
 29800 | D:14     | XOM: 1-stop teleportation journey
 29802 | D:14     | XOM: fog
 29815 | D:14     | XOM: chaos upgrade
 29901 | D:14     | XOM: swap monsters
 29933 | D:14     | XOM: draining
 30055 | D:14     | XOM: fog
 30166 | D:14     | XOM: divination: detect items
 30195 | D:14     | Reached XP level 17. HP: 101/145 MP: 0/0
 30195 | D:14     | Learned a level 6 spell: Dispersal
 30484 | D:14     | Found a runed translucent gate.
 30485 | D:14     | Found a runed translucent gate.
 30486 | D:14     | Found a runed translucent gate.
 30487 | D:14     | Noticed Ylounoac's ghost (journeyman MiBe)
 30645 | D:14     | Found a shadowy altar of Dithmenos.
 30661 | D:14     | Found a runed translucent door.
 30732 | D:14     | XOM: scenery: summon butterflies
 30844 | D:15     | Entered Level 15 of the Dungeon
 30850 | D:15     | Noticed Josephine
 30858 | D:15     | XOM: summons friendly iron imp
 30859 | D:15     | XOM: fake destruction
 30860 | D:15     | Killed Josephine
 30860 | D:15     | XOM: smoke on damage
 30870 | D:15     | XOM: fake destruction
 30880 | D:15     | XOM: summons 5 friendly demons
 30881 | D:15     | Reached skill level 15 in Long Blades
 31243 | D:15     | XOM: 7-stop teleportation journey
 31275 | D:15     | XOM: divination: detect items
 31297 | D:15     | XOM: scenery: create altars
 31322 | D:15     | XOM: give mutation
 31322 | D:15     | Gained mutation: A frigid envelope surrounds you and
                  | freezes all who hurt you. [Xom's grace]
 31761 | D:15     | XOM: confuse monster(s)
 31780 | D:15     | XOM: summons friendly iron imp
 31780 | D:15     | XOM: smoke on damage
 31790 | D:15     | XOM: god gift: wand of polymorph (7)
 31798 | D:15     | Found a staircase to the Depths.
 31969 | Spider:1 | Entered Level 1 of the Spider Nest
 32057 | Spider:1 | XOM: enchant monster (good)
 32153 | Lair:3   | XOM: scenery: summon butterflies
 32163 | Spider:1 | Identified the +2 long sword of Pecwek {flame, rC++ MP+9
                  | Int+2 Stlth-} (Xom gifted it to you on level 1 of the
                  | Spider Nest)
 32163 | Spider:1 | XOM: god gift: +2 long sword of Pecwek {chaos, rC++ MP+9
                  | Int+2 Stlth-}
 32172 | Spider:1 | XOM: god gift: +0 pair of boots of flying
 32268 | Spider:1 | XOM: scenery: summon butterflies
 32594 | Spider:1 | XOM: give mutation
 32594 | Spider:1 | Lost mutation: Your skin changes colour to match your
                  | surroundings (Stealth+). [Xom's mischief]
 32713 | Spider:1 | XOM: potion effect (brilliance)
 32753 | Spider:1 | XOM: give mutations
 32753 | Spider:1 | Lost mutation: You have sharp fingernails. [Xom's mischief]
 32753 | Spider:1 | Lost mutation: Armour fits poorly on your strangely shaped
                  | body. [Xom's mischief]
 32753 | Spider:1 | Gained mutation: You are very vulnerable to cold. (rC--)
                  | [Xom's mischief]
 32886 | Spider:1 | Noticed Mlioglotl
 32889 | Spider:1 | XOM: confuse monster(s)
 32896 | Spider:1 | Killed Mlioglotl
 32986 | Spider:2 | XOM: noise
 33118 | Spider:2 | Reached XP level 18. HP: 156/156 MP: 0/0
 33181 | Spider:2 | Noticed Arachne
 33193 | Spider:2 | Killed Arachne
 33198 | Spider:2 | XOM: 1-stop teleportation journey
 33388 | Spider:3 | XOM: confuse monster(s)
 33502 | Spider:2 | Reached skill level 10 in Armour
 33531 | Spider:2 | XOM: divination: detect items
 33838 | Spider:3 | XOM: fake destruction
 34353 | Spider:4 | Entered Level 4 of the Spider Nest
 34548 | Spider:4 | XOM: confuse monster(s)
 34573 | Spider:4 | XOM: 1-stop teleportation journey
 34589 | Spider:4 | XOM: enchant monster (good)
 34641 | Spider:4 | XOM: summons 2 hostile shadow creatures
 34686 | Spider:4 | XOM: fog
 34710 | Spider:4 | XOM: give mutations
 34710 | Spider:4 | Lost mutation: You are completely covered in iridescent
                  | scales. (AC +6) [Xom's mischief]
 34710 | Spider:4 | Gained mutation: You are somewhat resistant to further
                  | mutation. [Xom's mischief]
 34710 | Spider:4 | Gained mutation: You are extremely vulnerable to cold.
                  | (rC---) [Xom's mischief]
 34712 | Spider:4 | XOM: scenery: create altars
 34830 | Spider:4 | XOM: 1-stop teleportation journey
 34852 | Spider:4 | XOM: potion effect (invisibility)
 34909 | Spider:4 | XOM: confuse monster(s)
 34936 | Spider:4 | XOM: god gift: 64 gold pieces
 35044 | Spider:4 | Got a gossamer rune of Zot
 35082 | Spider:4 | Reached skill level 16 in Long Blades
 35151 | Spider:4 | XOM: 1-stop teleportation journey
 35706 | Shoals:1 | Entered Level 1 of the Shoals
 35717 | Shoals:1 | Noticed Aizul
 35734 | Shoals:1 | XOM: enchant monster (bad)
 35736 | Shoals:1 | Killed Aizul
 35737 | Shoals:1 | Reached XP level 19. HP: 150/164 MP: 0/0
 35737 | Shoals:1 | Learned a level 6 spell: Leda's Unmaking
 35854 | Shoals:1 | XOM: give mutation
 35854 | Shoals:1 | Lost mutation: You passively dampen the noise of your
                  | surroundings. [Xom's mischief]
 35905 | Shoals:1 | Noticed Donald
 35918 | Shoals:1 | Killed Donald
 36374 | Shoals:1 | XOM: god gift: mace {god gift}
 36465 | Shoals:1 | XOM: scenery: summon butterflies
 36656 | Shoals:2 | Noticed Nikola
 36683 | Shoals:2 | XOM: give mutations
 36683 | Shoals:2 | Gained mutation: You have a pair of small horns on your
                  | head. [Xom's grace]
 36686 | Shoals:2 | Killed Nikola
 36697 | Shoals:2 | XOM: smoke on damage
 36834 | Shoals:2 | XOM: noise
 36905 | Shoals:2 | XOM: summons 2 friendly demons
 36967 | Shoals:2 | XOM: destruction
 36997 | Shoals:2 | XOM: give mutation
 36997 | Shoals:2 | Gained mutation: You expend health (3 HP) to strengthen
                  | your wands. [Xom's grace]
 37040 | Shoals:2 | XOM: stat loss: -1 Dex (20/21)
 37072 | Shoals:2 | XOM: give mutations
 37072 | Shoals:2 | Gained mutation: You have supernaturally acute eyesight.
                  | (SInv) [Xom's grace]
 37072 | Shoals:2 | Gained mutation: You have a pair of horns on your head.
                  | [Xom's grace]
 37111 | Shoals:2 | Found a runed translucent door.
 37112 | Shoals:2 | Noticed Zuupp's ghost (adept AtRe)
 37383 | Shoals:2 | XOM: cloud trail
 37397 | Shoals:2 | XOM: scenery: 1 doors open
 37418 | Shoals:2 | Killed Zuupp's ghost
 37468 | Shoals:3 | XOM: cleaving
 37469 | Shoals:3 | XOM: polymorph harpy -> black mamba
 37477 | Shoals:3 | XOM: destruction
 37514 | Shoals:3 | XOM: fog
 37515 | Shoals:3 | XOM: summons 6 friendly demons
 37546 | Shoals:3 | XOM: polymorph crimson imp -> quasit
 37738 | Shoals:3 | XOM: silly message
 37741 | Shoals:3 | XOM: enchant monster (bad)
 37827 | Shoals:3 | XOM: torment (100/165 hp)
 37988 | Shoals:3 | XOM is BORED!
 37990 | Shoals:3 | XOM: fog
 38342 | Shoals:4 | Entered Level 4 of the Shoals
 38413 | Shoals:4 | XOM: divine lightning
 38497 | Shoals:4 | XOM: enchant monster (good)
 38517 | Shoals:4 | Reached skill level 15 in Shields
 38587 | Shoals:4 | Found Sicly's Superlative Supplies.
 38595 | Shoals:4 | XOM: polymorph merfolk avatar -> seven-headed hydra
 38597 | Shoals:4 | XOM: polymorph eight-headed hydra -> shapeshifter
 38609 | Shoals:4 | Found Poironoo's Antique Armour Shoppe.
 38781 | Shoals:4 | XOM: polymorph satyr -> goliath frog
 39097 | Shoals:4 | Identified the +3 leather armour of the Valley of Death
                  | {Str+2}
 39106 | Shoals:4 | XOM: cast spell 'Leda's Liquefaction'
 39147 | Shoals:4 | XOM: god gift: 719 gold pieces
 39167 | Shoals:4 | XOM: god gift: 24 gold pieces
 39183 | Shoals:4 | XOM: divination: detect creatures
 39186 | Shoals:4 | XOM: fog
 39194 | Shoals:4 | XOM: divination: detect items
 39334 | Shoals:4 | XOM: scenery: summon butterflies
 39342 | Shoals:4 | Got a barnacled rune of Zot
 39362 | Shoals:4 | Reached skill level 10 in Spellcasting
 39362 | Shoals:4 | Reached skill level 10 in Conjurations
 39362 | Shoals:4 | Reached skill level 10 in Hexes
 39362 | Shoals:4 | Reached skill level 10 in Summonings
 39362 | Shoals:4 | Reached skill level 10 in Necromancy
 39362 | Shoals:4 | Reached skill level 10 in Translocations
 39362 | Shoals:4 | Reached skill level 10 in Transmutations
 39362 | Shoals:4 | Reached skill level 10 in Fire Magic
 39362 | Shoals:4 | Reached skill level 10 in Ice Magic
 39362 | Shoals:4 | Reached skill level 10 in Air Magic
 39362 | Shoals:4 | Reached skill level 10 in Earth Magic
 39362 | Shoals:4 | Reached skill level 10 in Poison Magic
 39490 | Shoals:4 | Reached XP level 20. HP: 41/174 MP: 0/0
 39886 | Slime:1  | Entered Level 1 of the Pits of Slime
 40053 | D:11     | XOM: scenery: summon butterflies
 40119 | Elf:1    | Entered Level 1 of the Elven Halls
 40123 | Elf:1    | XOM: cleaving
 40193 | Elf:1    | XOM: potion effect (haste)
 40195 | Elf:1    | Found Qorrusku's Distillery.
 40195 | Elf:1    | XOM: 3-stop teleportation journey
 40207 | Elf:1    | XOM: confuse monster(s)
 40213 | Elf:1    | XOM: cleaving
 40264 | Elf:1    | XOM: cast spell 'Summon Dragon'
 40414 | Elf:1    | XOM: scenery: summon butterflies
 40422 | Elf:1    | XOM: cast spell 'Olgreb's Toxic Radiance'
 40542 | Elf:1    | XOM: potion effect (heal wounds)
 40683 | Elf:1    | XOM: cleaving
 40710 | Elf:1    | XOM: enchant monster (good)
 40799 | Elf:1    | XOM: divination: magic mapping
 40936 | Elf:1    | XOM: divination: detect items
 40999 | Elf:1    | Bought a potion of curing for 54 gold pieces
 40999 | Elf:1    | Bought a potion of cancellation for 144 gold pieces
 40999 | Elf:1    | Bought a potion of haste for 180 gold pieces
 40999 | Elf:1    | Bought a potion of curing for 54 gold pieces
 40999 | Elf:1    | Bought a potion of curing for 54 gold pieces
 40999 | Elf:1    | Bought a potion of curing for 54 gold pieces
 41111 | Elf:1    | Found a runed translucent door.
 41269 | Elf:1    | Noticed Brisketman's ghost (adept MfIE)
 41287 | Elf:1    | XOM: noise
 41295 | Elf:1    | Killed Brisketman's ghost
 41373 | Elf:2    | XOM: divination: detect creatures
 41395 | Elf:2    | XOM: potion effect (might)
 41406 | Elf:2    | XOM: cast spell 'Summon Mana Viper'
 41519 | Elf:2    | XOM: cloud trail
 41648 | Elf:2    | Reached skill level 17 in Long Blades
 41760 | Elf:2    | XOM: give mutation
 41760 | Elf:2    | Gained mutation: You are completely covered in iridescent
                  | scales. (AC +6) [Xom's grace]
 41783 | Elf:2    | Identified the ring "Reg Gocw" {rPois rN+ Str+4 Dex-5}
 41860 | Elf:1    | XOM: god gift: 39 gold pieces
 42070 | Elf:2    | Paralysed by an air elemental for 1 turns
 42082 | Elf:2    | XOM: scenery: create altars
 42086 | Elf:2    | XOM: 8-stop teleportation journey
 42100 | Elf:2    | XOM: scenery: create altars
 42178 | Elf:2    | XOM: scenery: summon butterflies
 42349 | Elf:2    | Reached XP level 21. HP: 182/182 MP: 0/0
 42349 | Elf:2    | Learned a level 8 spell: Lehudib's Crystal Spear
 42462 | Elf:2    | Found a runed translucent gate.
 42463 | Elf:2    | Found a runed translucent gate.
 42463 | Elf:2    | Found a runed translucent gate.
 42501 | Elf:3    | Entered Level 3 of the Elven Halls
 42504 | Elf:3    | Paralysed by an air elemental for 1 turns
 42543 | Elf:3    | Found Qollugy's Distillery.
 42547 | Elf:3    | Found Peomif Vyso's Assorted Antiques.
 42555 | Elf:3    | Found a flickering gateway to a bazaar.
 42565 | Bazaar   | Entered a bazaar
 42579 | Bazaar   | Found Ufetsuqa's Jewellery Shoppe.
 42586 | Bazaar   | Bought the ring "Yhubbyog" {rElec rPois Int-3 Dex+3} for
                  | 306 gold pieces
 42603 | Bazaar   | Found Cyutostra's Assorted Antiques.
 42619 | Bazaar   | Found Areufriq's Weapon Shoppe.
 42619 | Bazaar   | Found Huyhalai's Jewellery Emporium.
 42624 | Bazaar   | Bought a +2 double sword of venom for 360 gold pieces
 42634 | Bazaar   | Bought the ring of Daikhlakh {Fly rC+ rCorr} for 613 gold
                  | pieces
 42681 | Elf:3    | XOM: divination: detect items
 42708 | Elf:3    | Bought a wand of paralysis (4) for 182 gold pieces
 42708 | Elf:3    | Bought a wand of quicksilver (2) for 159 gold pieces
 42708 | Elf:3    | Bought a wand of paralysis (4) for 182 gold pieces
 42848 | Elf:3    | XOM: divination: magic mapping
 42852 | Elf:3    | XOM: draining
 42856 | Elf:3    | XOM: chaos upgrade
 42880 | Elf:3    | XOM: summons friendly quasit
 43044 | Elf:3    | XOM: confuse monster(s)
 43106 | Elf:3    | Bought a potion of heal wounds for 60 gold pieces
 43106 | Elf:3    | Bought a potion of mutation for 96 gold pieces
 43106 | Elf:3    | Bought a potion of curing for 36 gold pieces
 43106 | Elf:3    | Bought a potion of mutation for 96 gold pieces
 43106 | Elf:3    | Bought a potion of heal wounds for 60 gold pieces
 43261 | Elf:3    | XOM: scenery: 1 doors close
 43269 | Elf:3    | XOM: fog
 43541 | Elf:3    | Identified the +2 glaive of Pestilence {drain, rElec rPois
                  | Stlth-}
 43613 | Elf:3    | XOM: scenery: 1 doors open
 43629 | Elf:3    | Identified the +9 war axe of Scuffed Guile {drain, +Blink
                  | rElec}
 43629 | Elf:3    | Identified the +1 chain mail of the Trees {Dex+4 Slay-5}
 43629 | Elf:3    | Identified the ring "Fiecroqusu" {EV+5 Str-5 Slay+5}
 43629 | Elf:3    | Found the +4 skin of Zhor {*Englaciate rC+++ SInv}
 43629 | Elf:3    | XOM: 5-stop teleportation journey
 43634 | Elf:3    | Identified the +2 short sword of the Ancients {elec, rElec
                  | rN+ MP+9}
 43638 | Elf:3    | XOM: divination: detect creatures
 43644 | Elf:3    | XOM: smoke on damage
 43734 | Elf:3    | XOM: divination: detect items
 43799 | Elf:3    | XOM: smoke on damage
 43799 | Elf:3    | XOM: torment (111/183 hp)
 43811 | Abyss:2  | Cast into level 2 of the Abyss (a deep elf demonologist)
 44129 | Abyss:2  | Found a corrupted altar of Lugonu.
 44174 | Abyss:2  | Found a corrupted altar of Lugonu.
 44191 | Abyss:2  | Found a corrupted altar of Lugonu.
 44191 | Abyss:2  | Found a corrupted altar of Lugonu.
 44244 | Abyss:2  | Found a corrupted altar of Lugonu.
 44279 | Abyss:2  | XOM: butterfly on damage
 44394 | Abyss:2  | XOM: summons 4 hostile demons
 44438 | Abyss:2  | XOM: summons friendly quasit
 44439 | Abyss:2  | XOM: fake destruction
 44458 | Abyss:2  | XOM: potion effect (might)
 44485 | Elf:3    | Escaped the Abyss
 44707 | Elf:3    | Identified the +1 spear of Foolhardiness {pain, Int+6}
 44723 | Elf:3    | Identified the staff of Joyful Slaughter {rF+ Will+ Fire}
 44741 | Elf:3    | Identified the staff "Puaxulai" {Fragile rPois rCorr Int+2
                  | Dex+2 Poison}
 45124 | Depths:1 | Entered Level 1 of the Depths
 45133 | Depths:1 | Found an ornate altar of the Wu Jian Council.
 45341 | Depths:1 | XOM: silly message
 45442 | Depths:1 | Reached skill level 15 in Fighting
 45452 | Depths:1 | XOM: silly message
 45524 | Depths:1 | XOM: potion effect (attraction)
 45711 | Depths:1 | Found a gateway to Hell.
 45824 | Depths:1 | XOM: silly message
 45942 | Depths:1 | XOM: divination: detect creatures
 46042 | Depths:1 | XOM: silly message
 46057 | Depths:1 | XOM: cast spell 'Summon Ice Beast'
 46059 | Depths:1 | XOM: polymorph fire giant -> frost giant
 46166 | Depths:1 | Found Ruelopiv's Jewellery Boutique.
 46167 | Depths:1 | Found Pulauk's Book Emporium.
 46169 | Depths:1 | Found Reer's Jewellery Boutique.
 46210 | Depths:1 | XOM: summons 1 hostile demon
 46307 | Depths:2 | XOM: summons friendly iron imp
 46395 | Depths:2 | Reached XP level 22. HP: 189/193 MP: 0/0
 46408 | Depths:2 | Found a one-way gate leading to the halls of Pandemonium.
 46425 | Depths:2 | XOM: summons 7 hostile demons
 46494 | Depths:2 | XOM: repel stairs
 46651 | Depths:2 | XOM: silly message
 46750 | Depths:2 | Reached skill level 10 in Dodging
 47019 | Depths:2 | XOM: chaos upgrade
 47151 | Depths:2 | Lost mutation: You are very robust. (+20% HP) [a cacodemon]
 47154 | Depths:2 | XOM: cast spell 'Cause Fear'
 47176 | Abyss:3  | Cast into level 3 of the Abyss (a deep elf demonologist)
 47217 | Abyss:3  | XOM: silly message
 47240 | Abyss:3  | XOM: silly message
 47264 | Abyss:3  | Reached skill level 18 in Long Blades
 47309 | Abyss:3  | XOM: silly message
 47322 | Abyss:3  | XOM: silly message
 47379 | Abyss:3  | XOM: fake destruction
 47390 | Abyss:3  | XOM: confuse monster(s)
 47400 | Abyss:3  | XOM: summons friendly iron imp
 47423 | Abyss:3  | XOM: summons 3 friendly demons
 47431 | Depths:2 | Escaped the Abyss
 47561 | Depths:2 | XOM: swap monsters
 47598 | Depths:2 | Found a one-way gate to the infinite horrors of the Abyss.
 47600 | Depths:2 | Found a burning altar of Makhleb.
 47616 | Depths:2 | Identified the ring of Vitoyho {MP+9 Slay+4}
 47617 | Depths:2 | Identified the +5 dagger of Dismemberment {heavy, rElec
                  | Int+4 Stlth+}
 47653 | Depths:2 | XOM: potion effect (invisibility)
 47680 | Depths:2 | XOM: silly message
 47853 | Depths:2 | Found Tiuzxe's Vocational Training.
 47880 | Depths:2 | Noticed Sojobo
 47889 | Depths:2 | Paralysed by an air elemental for 1 turns
 47901 | Depths:2 | Paralysed by an air elemental for 1 turns
 47906 | Depths:2 | Paralysed by an air elemental for 1 turns
 48075 | Depths:2 | XOM: divine lightning
 48076 | Depths:2 | Killed Sojobo
 48236 | Depths:3 | XOM: confuse monster(s)
 48429 | Depths:3 | XOM: give mutation
 48444 | Depths:3 | XOM: fake destruction
 48479 | Depths:3 | XOM: summons friendly smoke demon
 48482 | Depths:3 | XOM: divination: magic mapping
 48504 | Depths:3 | XOM: god gift: potion of lignification
 48573 | Depths:3 | XOM: scenery: summon butterflies
 48604 | Depths:3 | XOM: divination: detect items
 48650 | Depths:3 | Reached XP level 23. HP: 176/184 MP: 0/0
 48650 | Depths:3 | Learned a level 7 spell: Orb of Destruction
 48689 | Depths:3 | Noticed a juggernaut
 48705 | Depths:3 | XOM: divination: detect creatures
 48826 | Depths:3 | XOM: scenery: 2 doors open, 1 doors close
 48856 | Depths:3 | XOM: scenery: summon butterflies
 48964 | Depths:3 | XOM: 5-stop teleportation journey
 49046 | Depths:3 | XOM: divine lightning
 49090 | Depths:3 | XOM: god gift: battleaxe {god gift}
 49436 | Depths:3 | XOM: 1-stop teleportation journey
 49481 | Depths:3 | Killed a juggernaut
 49599 | Depths:3 | XOM: cloud trail
 49630 | Depths:3 | Identified the +0 ring mail "Buump" {rF+ rN+ Dex+2}
 49646 | Depths:3 | XOM: god gift: spear {god gift}
 49649 | Depths:3 | Paralysed by a vampire knight for 2 turns
 49650 | Depths:3 | XOM: 1-stop teleportation journey
 49667 | Depths:3 | XOM: give mutations
 49667 | Depths:3 | Lost mutation: You passively map a small area around you.
                  | [Xom's mischief]
 49667 | Depths:3 | Lost mutation: Your muscles are strong. (Str +4, Int/Dex
                  | -1) [Xom's mischief]
 49667 | Depths:3 | Lost mutation: You are robust. (+10% HP) [Xom's mischief]
 49782 | Depths:3 | Identified the +2 great sword of Memaudgh {holy, *Noise
                  | Drain Will+ rCorr Str+3}
 49889 | Depths:3 | XOM: confuse monster(s)
 49895 | Depths:3 | XOM: confuse monster(s)
 49898 | Depths:3 | XOM: confuse monster(s)
 49999 | Depths:3 | XOM: silly message
 50103 | Depths:3 | XOM: potion effect (haste)
 50104 | Depths:3 | XOM: divination: magic mapping
 50231 | Depths:3 | Noticed a golden dragon
 50242 | Depths:3 | Killed a golden dragon
 50265 | Depths:3 | XOM: silly message
 50312 | Depths:3 | XOM: enchant monster (good)
 50323 | Depths:3 | XOM: scenery: create altars
 50562 | Depths:3 | XOM: cloud trail
 50583 | Depths:3 | Acquired a manual of Dodging
 50606 | Depths:3 | XOM: god gift: scarf of repulsion
 50723 | Depths:3 | XOM: scenery: create altars
 50728 | Depths:3 | XOM: divine lightning
 50733 | Depths:3 | XOM: god gift: 2 scrolls of blinking
 50770 | Depths:3 | Noticed a golden dragon
 50779 | Depths:3 | Killed a golden dragon
 51195 | D:3      | Noticed Natasha
 51198 | D:3      | Killed Natasha
 51391 | Vaults:1 | Entered Level 1 of the Vaults
 51391 | Vaults:1 | XOM: polymorph ironbound preserver -> eight-headed hydra
 51503 | Vaults:1 | XOM: give mutation
 51503 | Vaults:1 | Gained mutation: Your mind is acute. (Int +4, Str/Dex -1)
                  | [Xom's grace]
 51563 | Vaults:1 | XOM: 3-stop teleportation journey
 51577 | Vaults:1 | XOM: fog
 51666 | Vaults:1 | Identified the +5 halberd "Xuisch" {freeze, Fragile Int+5}
 51987 | Vaults:1 | XOM: scenery: 1 doors close
 52274 | Vaults:1 | XOM: fake destruction
 52275 | Vaults:1 | XOM: summons 10 friendly demons
 52314 | Vaults:1 | XOM: 3-stop teleportation journey
 52354 | Vaults:1 | Found a runed translucent gate.
 52354 | Vaults:1 | Found a runed translucent gate.
 52354 | Vaults:1 | Found a runed translucent gate.
 52354 | Vaults:1 | Noticed Reyb's ghost (veteran DsGl)
 52446 | Vaults:1 | XOM: scenery: 1 doors open, 1 doors close
 52613 | Vaults:1 | Reached XP level 24. HP: 148/177 MP: 0/0
 52679 | Vaults:1 | XOM: divine lightning
 52680 | Vaults:1 | XOM: divine lightning
 52957 | Vaults:1 | Found a viscous altar of Jiyva.
 52968 | Vaults:1 | XOM: torment (108/177 hp)
 53331 | Vaults:2 | Found a staircase to the Crypt.
 53530 | Vaults:1 | XOM: noise
 53531 | Vaults:1 | XOM: silly message
 53539 | Vaults:1 | XOM: confuse monster(s)
 53552 | Vaults:1 | XOM: confusion
 53666 | Vaults:1 | XOM: give mutation
 53666 | Vaults:1 | Lost mutation: A frigid envelope surrounds you and freezes
                  | all who hurt you. [Xom's mischief]
 53696 | Vaults:1 | XOM: divination: detect creatures
 53735 | Vaults:1 | XOM: summons friendly iron imp
 53823 | Vaults:1 | Killed Reyb's ghost
 54066 | Vaults:2 | Identified the +0 ring mail "Esyoch" {rC+ Will++ Str-4
                  | Slay+3}
 54155 | Vaults:2 | Reached skill level 19 in Long Blades
 54468 | Vaults:2 | XOM: divination: detect items
 54745 | Vaults:1 | XOM: summons 3 hostile shadow creatures
 54762 | Vaults:2 | XOM: 6-stop teleportation journey
 54986 | Vaults:2 | XOM: enchant monster (good)
 54988 | Vaults:2 | XOM: swap monsters
 54991 | Vaults:2 | XOM: confusion (+ monsters)
 55010 | Vaults:2 | XOM: swap monsters
 55155 | Vaults:2 | XOM: 2-stop teleportation journey
 55200 | Vaults:2 | XOM: smoke on damage
 55208 | Vaults:2 | XOM: scenery: summon butterflies
 55477 | Vaults:2 | XOM: cloud trail
 55698 | Vaults:3 | XOM: 3-stop teleportation journey
 56206 | Vaults:3 | XOM: divination: detect items
 56362 | Vaults:3 | XOM: noise
 56371 | Vaults:3 | XOM: summons friendly white imp
 56390 | Vaults:3 | XOM: potion effect (might)
 56409 | Vaults:3 | XOM: noise
 56416 | Vaults:3 | XOM: enchant monster (bad)
 56479 | Vaults:3 | XOM: 2-stop teleportation journey
 56492 | Vaults:3 | XOM: noise
 56781 | Vaults:3 | Reached XP level 25. HP: 109/185 MP: 0/0
 56781 | Vaults:3 | Learned a level 9 spell: Fire Storm
 56928 | Vaults:3 | XOM: noise
 56962 | Vaults:3 | XOM: polymorph ironbound preserver -> frost giant
 57002 | Vaults:3 | XOM: noise
 57229 | Vaults:3 | XOM: summons 2 hostile demons
 57296 | Vaults:3 | XOM: silly message
 57414 | Crypt:1  | Entered Level 1 of the Crypt
 57559 | Crypt:1  | XOM: divination: magic mapping
 57561 | Crypt:1  | Reached skill level 15 in Armour
 57563 | Crypt:1  | XOM: blink monster(s)
 57654 | Crypt:1  | XOM: confusion (+ monsters)
 57994 | Crypt:1  | XOM: cast spell 'Disjunction'
 57999 | Crypt:1  | XOM: summons 3 friendly demons
 58206 | Crypt:1  | XOM: give mutation
 58206 | Crypt:1  | Lost mutation: You have supernaturally acute eyesight.
                  | (SInv) [Xom's mischief]
 58370 | Crypt:2  | XOM: scenery: summon butterflies
 58438 | Crypt:2  | Found a magical portal.
 58463 | WizLab   | Entered Zonguldrok's Shrine
 58556 | WizLab   | XOM: swap monsters
 58670 | WizLab   | XOM: god gift: amulet of the acrobat
 58674 | WizLab   | XOM: summons 7 friendly demons
 58676 | WizLab   | XOM: blink monster(s)
 58679 | WizLab   | XOM: cleaving
 58684 | WizLab   | XOM: destruction
 58781 | WizLab   | Noticed an antique lich
 58789 | WizLab   | Killed an antique lich
 58794 | WizLab   | Found the +9 sword of Zonguldrok {reap}
 59125 | Crypt:2  | Noticed Frederick
 59142 | Crypt:2  | XOM: cast spell 'Discord'
 59153 | Crypt:2  | Killed Frederick
 59428 | Crypt:2  | XOM: summons 13 hostile demons
 59542 | Crypt:2  | XOM: god gift: wand of quicksilver (7)
 59670 | Crypt:3  | Entered Level 3 of the Crypt
 59767 | Crypt:3  | Found a staircase to the Tomb.
 59844 | Crypt:3  | XOM: cloud trail
 60048 | Crypt:3  | XOM: potion effect (might)
 60078 | Crypt:3  | XOM: silly message
 60091 | Crypt:3  | XOM: cast spell 'Summon Small Mammal'
 60108 | Crypt:3  | XOM: silly message
 60109 | Crypt:3  | XOM: cast spell 'Call Canine Familiar'
 60232 | Crypt:3  | Found a basalt altar of Yredelemnul.
 60272 | Crypt:3  | XOM: potion effect (attraction)
 60494 | Crypt:3  | XOM: summons friendly shadow imp
 60498 | Crypt:3  | XOM: summons friendly quasit
 60511 | Crypt:3  | Identified the amulet of Zukko {rElec Regen+ Int+2}
 60511 | Crypt:3  | Identified the ring "Ciphe" {rF+ rC+ rN+ Str-4 Int+4}
 60587 | Crypt:3  | XOM: confuse monster(s)
 60589 | Crypt:3  | XOM: enchant monster (good)
 60594 | Crypt:3  | XOM: divination: detect creatures
 60821 | Crypt:3  | Identified the ring "Taosiwk" {rC++ rN+ MP-9 Dex+3}
 60839 | Crypt:3  | XOM: silly message
 60900 | Crypt:3  | Reached XP level 26. HP: 134/158 MP: 0/0
 61313 | Vaults:4 | XOM: 4-stop teleportation journey
 61376 | Vaults:4 | Paralysed by a great orb of eyes for 4 turns
 61535 | Vaults:4 | XOM: fog
 61609 | Vaults:4 | XOM: cloud trail
 61624 | Vaults:4 | Reached skill level 20 in Long Blades
 61850 | Vaults:4 | XOM: confuse monster(s)
 61967 | Vaults:4 | XOM: 2-stop teleportation journey
 62415 | Vaults:4 | XOM: silly message
 62523 | Vaults:5 | Entered Level 5 of the Vaults
 62527 | Vaults:4 | XOM: divination: detect creatures
 62554 | Vaults:5 | XOM: divination: detect items
 62562 | Vaults:4 | XOM: enchant monster (bad)
 62576 | Vaults:4 | XOM: potion effect (haste)
 62815 | Vaults:5 | XOM: divination: detect creatures
 62816 | Vaults:5 | XOM: smoke on damage
 63796 | Vaults:5 | XOM: blink monster(s)
 63847 | Vaults:4 | XOM: stat loss: -1 Str (15/16)
 63849 | Vaults:4 | XOM: silly message
 63964 | Vaults:5 | XOM: divine lightning
 64147 | Vaults:5 | Noticed an ancient lich
 64152 | Vaults:4 | XOM: swap monsters
 64277 | Vaults:5 | XOM: chaos cloud
 64279 | Vaults:5 | XOM: summons 6 friendly demons
 64285 | Vaults:5 | HP: 2/189 [storm dragon (8)]
 64285 | Vaults:5 | Slain by a fire giant

Illustrated notes

Levels and vault maps discovered:
D:1:      lemuel_arrival_rhombus, layout_basic, glass_columns_a
D:2:      layout_loops_cross, basic_altar, serial_shops, shop, shop, shop,
          nicolae_diamond_shop, shop_fountains
D:3:      layout_basic, nicolae_overflow_crystal_walls, gammafunk_ghost_split,
          corexii_leaking_fountain, st_stairs_10, uniq_ijyb, uniq_jessica,
          uniq_sigmund, uniq_grinder
D:4:      layout_cave_pods, nicolae_vehumet_altar_sigil,
          minmay_temple_entry_steel_oval, uniq_crazy_yiuf_cottage, uniq_natasha
D:5:      layout_rooms
D:6:      layout_loops_corners, nicolae_hepliaklqana_hippocampus,
          kennysheep_generic_room_3
D:7:      minmay_octagon_keep, layout_rooms, gammafunk_ghost_berserking_beasts,
          uniq_prince_ribbit1, uniq_duvessa
D:8:      layout_layer_cave, chequers_avenue
D:9:      layout_roguey
D:10:     layout_stronghold, good_gods_mini_temple, mainiacjoe_overflow_paths,
          lemuel_round_altar, dpeg_oklobed_lair
D:11:     layout_long_grid, kennysheep_orc_monster_closet_entryway
D:12:     layout_cave_pools, amethyst_killhole, reono_crystal_passage,
          nicolae_ashenzari_skybound
D:13:     layout_rooms, david_vaults_5, uniq_kirke, uniq_urug
D:14:     dreamdust_labyrinth, layout_basic, grunt_dithmenos_shadows,
          gammafunk_ghost_necromancy
D:15:     gammafunk_enter_depths_forms, layout_basic, serial_bayou_ford_a,
          uniq_josephine
Lair:1:   layout_long_grid, gammafunk_ghost_wrathful_warriors,
          chequers_serial_rivers_micro_c, lemuel_fruit_fields
Lair:2:   layout_gridlike, basic_altar, nicolae_lair_lakeside_cave
Lair:3:   layout_layer_cave, minmay_shoals_entry_hut,
          nicolae_spider_entry_non_spiders
Lair:4:   lemuel_reptile_caves, layout_regular_city, ebering_ghost_disaster_area
Lair:5:   wormcave, layout_cave_pods, guppyfry_lair_end_dragon, slime_entry_1,
          serial_bayou_shore_a, grunt_megastairs_1
Shoals:1: layout_shoals, uniq_donald, uniq_aizul
Shoals:2: layout_shoals, ebering_ghost_inner_flame, uniq_nikola
Shoals:3: layout_shoals, nicolae_shoals_sun_and_surf
Shoals:4: shoals_end_grunt_garden, layout_shoals, serial_shops,
          nicolae_shop_overgrown_old_shop,
          nicolae_shoals_lost_giant_amphitheater, nicolae_alphabet_shops
Spider:1: layout_spider_delve, guppyfry_spider_mini_2, uniq_mlioglotl
Spider:2: layout_spider_delve, uniq_arachne
Spider:3: layout_spider_delve, nicolae_spider_cling_ruins
Spider:4: floodkiller_spider_rune_tomb
Slime:1:  layout_caves
Orc:1:    nicolae_orc_accident_2, layout_caves, mines_bat_river
Orc:2:    grunt_orc_cross, layout_caves, library_closet
Elf:1:    eino_elf_arrival_the_gate, layout_gridlike,
          ebering_ghost_reflecting_pool, serial_shops,
          nicolae_shop_industrial_runoff, minivault_28, grunt_ministairs_14,
          minmay_elf_annihilation
Elf:2:    nicolae_elf_blades_crystal_corner, layout_loops_corners,
          hangedman_research_electronics
Elf:3:    elf_hall_gauntlet_wide, layout_geoelf_diagonals, serial_shops,
          bzr_entry_customers, minmay_shoptagon, uniq_saint_roka
Vaults:1: gammafunk_ghost_ooze, v_alt_pattern_6,
          nicolae_vaults_storage_closets_3, v_pattern_4,
          hangedman_vaults_corner_blocks, nicolae_vaults_whirlpool_walls,
          nicolae_vaults_network_s, ontoclasm_vaults_shuriken,
          nicolae_vaults_big_ls, vaults_room_large_hall,
          hangedman_vaults_river_flow, nicolae_vaults_trapezoid_lopsided_3,
          nicolae_vaults_tetromino_L_1, ontoclasm_vaults_ring_square,
          nicolae_vaults_little_squares_6, ontoclasm_vaults_decontamination,
          nicolae_vaults_tetromino_L_2, nicolae_vaults_little_ls,
          vaults_dpeg_ring, layout_vaults_omnicross
Vaults:2: ontoclasm_vaults_chip, grunt_vaults_twisty, v_alt_pattern_5,
          hangedman_vaults_restitches, minmay_crypt_entry_simple_box,
          nicolae_vaults_theta, v_misc_31, nicolae_vaults_specimen_jars,
          nicolae_vaults_storage_closets_2, vaults_mumra_chevron,
          nicolae_vaults_trapezoid_3, nicolae_vaults_lightning_bolt,
          vaults_dpeg_cross, layout_vaults_ring
Vaults:3: nicolae_vaults_asterisk, vaults_mumra_minichess_inversion,
          nicolae_vaults_three_branches, st_lattice, vaults_room_fours,
          nicolae_vaults_little_squares_4, nicolae_vaults_wine_cellar,
          layout_vaults_quadrants
Vaults:4: nicolae_vaults_stairing_the_circle, nicolae_vaults_closet_pinwheel_3,
          nicolae_vaults_apartment_2, v_pattern_3, nicolae_vaults_puzzle_piece,
          nicolae_vaults_surprise_closet_hard, vaults_room_large_hall,
          layout_vaults_big_room
Vaults:5: uniq_mennas, uniq_jory, uniq_mara
Crypt:1:  layout_misc_corridors
Crypt:2:  layout_misc_corridors, infiniplex_enter_wizlab_water, uniq_frederick
Crypt:3:  church_of_pain_bobbens, layout_chaotic_city, item_on_display_a
Depths:1: layout_honeycomb, grunt_hell_entry_dis_old,
          nicolae_wu_jian_wuxing_cycle, minmay_shop_grove
Depths:2: evilmike_makhleb_hellhole, layout_basic, abyss_entry,
          rand_demon_pan_entry_9, hellmouth_1, minmay_misc_feat_plants,
          serial_glass, glass_columns_a, glass_columns_a, feat_on_display,
          grunt_decor_cap, nicolae_shop_vocational, minmay_staircase_statues,
          uniq_sojobo
Depths:3: hangedman_grunt_twisty_little_passages, layout_honeycomb,
          nicolae_abyss_entry_one_way_or_another, grunt_metal_band,
          minmay_guarded_unrand_vampires_tooth, infiniplex_staircase_zigzag_4,
          serial_bayou_shore_b, uniq_margery

Skill      XL: |  1  2  3  4  5  6  7  8  9 10 11 12 13 14 15 16 17 18 19 20 21 22 23 24 25 26 |
---------------+-------------------------------------------------------------------------------+-----
Long Blades    | 3 4 5 6 7 9 10 11 12 13 14 15 16 17 18 19 20 | 20.2
Armour         | 2 3 4 5 6 7 8 9 10 11 12 13 14 15 16 | 16.3
Dodging        | 3 4 5 6 7 8 9 11 12 | 12.0
Shields        | 1 2 3 4 5 6 7 9 10 11 12 13 14 15 16 17 18 19 | 19.8
Spellcasting   | 1 2 3 4 5 6 7 8 9 10 11 12 13 14 | 14.5
Conjurations   | 1 2 3 4 5 6 7 8 9 10 11 12 13 14 | 14.5
Hexes          | 1 2 3 4 5 6 7 8 9 10 11 12 13 14 | 14.5
Summonings     | 1 2 3 4 5 6 7 8 9 10 11 12 13 14 | 14.5
Necromancy     | 1 2 3 4 5 6 7 8 9 10 11 12 13 14 | 14.5
Translocations | 1 2 3 4 5 6 7 8 9 10 11 12 13 14 | 14.5
Transmutations | 1 2 3 4 5 6 7 8 9 10 11 12 13 14 | 14.5
Fire Magic     | 1 2 3 4 5 6 7 8 9 10 11 12 13 14 | 14.5
Ice Magic      | 1 2 3 4 5 6 7 8 9 10 11 12 13 14 | 14.5
Air Magic      | 1 2 3 4 5 6 7 8 9 10 11 12 13 14 | 14.5
Earth Magic    | 1 2 3 4 5 6 7 8 9 10 11 12 13 14 | 14.5
Poison Magic   | 1 2 3 4 5 6 7 8 9 10 11 12 13 14 | 14.5
Fighting       | 4 5 6 7 8 9 10 11 12 13 14 15 16 17 18 | 18.6
Evocations     | 2 4 6 7 8 9 10 11 12 13 | 13.0
Stealth        | |  0.9

Action                     |  1- 3 |  4- 6 |  7- 9 | 10-12 | 13-15 | 16-18 | 19-21 | 22-24 | 25-27 || total
---------------------------+-------+-------+-------+-------+-------+-------+-------+-------+-------++-------
  Melee: Falchion          |   112 |    65 |   369 |    37 |       |       |       |       |       ||   583
         Headbutt          |       |       |    53 |   121 |   270 |       |   320 |   655 |   507 ||  1926
         Long sword        |       |       |       |   226 |       |       |       |       |       ||   226
         Double sword      |       |       |       |   285 |   883 |  1383 |  1252 |  1752 |  1382 ||  6937
   Cast: Shock             |       |       |       |     3 |    11 |     2 |     3 |       |       ||    19
         Flame Wave        |       |       |       |       |     5 |     2 |       |       |       ||     7
         Metabolic Englaci |       |       |       |       |     1 |       |       |     1 |       ||     2
         Mephitic Cloud    |       |       |       |       |       |    16 |    30 |    12 |     2 ||    60
         Iskenderun's Batt |       |       |       |       |       |       |       |     1 |       ||     1
         Lesser Beckoning  |       |       |       |       |       |       |       |     1 |       ||     1
         Leda's Unmaking   |       |       |       |       |       |       |       |     1 |       ||     1
  Evoke: Wand              |       |       |       |     1 |    15 |     9 |     1 |       |       ||    26
    Use: Scroll            |       |       |     8 |     7 |     4 |     6 |    12 |    16 |     4 ||    57
         Potion            |       |       |       |       |       |     1 |     4 |     4 |     3 ||    12
   Stab: Sleeping          |     4 |     7 |     9 |       |     3 |       |     4 |     3 |       ||    30
         Distracted        |       |       |       |     1 |     4 |     3 |     3 |     2 |     3 ||    16
         Petrified         |       |       |       |     1 |    23 |     7 |       |     5 |       ||    36
         Paralysed         |       |       |       |     8 |    13 |    15 |       |       |       ||    36
         Confused          |       |       |       |       |     7 |    21 |    19 |    23 |     1 ||    71
         Petrifying        |       |       |       |       |     1 |       |       |       |       ||     1
         Fleeing           |       |       |       |       |       |     1 |       |       |       ||     1
         Invisible         |       |       |       |       |       |     4 |       |     4 |       ||     8
 Armour: Leather armour    |    43 |    10 |    39 |       |    28 |       |       |       |       ||   120
         Chain mail        |       |       |    73 |   225 |   289 |   512 |   354 |       |       ||  1453
         Animal skin       |       |       |       |       |       |       |    19 |   165 |       ||   184
         Gold dragon scale |       |       |       |       |       |       |       |   428 |  1055 ||  1483
  Dodge: Dodged            |    96 |    31 |   247 |   389 |   523 |   955 |   559 |   768 |   527 ||  4095
  Block: Buckler           |       |    17 |   124 |   281 |   346 |   732 |   476 |   695 |   793 ||  3464

Table legend: (Time is in decaauts)
 A = Elapsed time spent in this place.
 B = Non-inter-level travel time spent in this place.
 C = Inter-level travel time spent in this place.
 D = Time resting spent in this place.
 E = Time spent auto-exploring this place.
 F = Levels seen in this place.
 G = Mean time per level.
                   A        B        C        D        E       F      G
               +--------+--------+--------+--------+--------+-----+--------+
         Total |  62891 |  59462 |   3429 |  17680 |  28976 |  49 | 1283.5 |
       Dungeon |  23462 |  22025 |   1437 |   9879 |   9490 |  15 | 1564.1 |
          Lair |   7426 |   6871 |    555 |   1118 |   3973 |   5 | 1485.2 |
        Shoals |   3980 |   3821 |    159 |    404 |   2612 |   4 |  995.0 |
   Spider Nest |   3434 |   3256 |    178 |    309 |   1852 |   4 |  858.5 |
    Slime Pits |     18 |     18 |      0 |      0 |      0 |   1 |   18.0 |
  Orcish Mines |   2106 |   1959 |    147 |    676 |    807 |   2 | 1053.0 |
   Elven Halls |   3886 |   3730 |    156 |    822 |   1663 |   3 | 1295.3 |
        Vaults |   8790 |   8328 |    462 |   2670 |   3857 |   5 | 1758.0 |
         Crypt |   3119 |   2994 |    125 |    349 |   1641 |   3 | 1039.7 |
        Depths |   5307 |   5103 |    204 |   1099 |   2702 |   3 | 1769.0 |
         Abyss |    873 |    873 |      0 |    301 |    265 |   2 |  436.5 |
        Bazaar |     91 |     91 |      0 |      0 |      0 |   1 |   91.0 |
        Wizlab |    391 |    391 |      0 |     48 |    112 |   1 |  391.0 |
               +--------+--------+--------+--------+--------+-----+--------+

Top non-repeatable levels by time:
     D:1: 9052 daAuts
Vaults:4: 2683 daAuts
Vaults:1: 2410 daAuts
Depths:3: 2386 daAuts
Vaults:3: 1867 daAuts
Vaults:2: 1745 daAuts
  Lair:5: 1717 daAuts
Depths:2: 1702 daAuts
  Lair:3: 1632 daAuts
   Elf:3: 1600 daAuts
  Lair:4: 1575 daAuts
  Lair:2: 1526 daAuts
     D:3: 1524 daAuts
    D:10: 1442 daAuts
 Crypt:3: 1421 daAuts
